Map: Dusk Towers

Players

Serral

  • Race: Zerg Zerg
  • League: Grandmaster

Elazer - Winner!

  • Race: Zerg Zerg
  • League: Grandmaster

Event: 2016 WCS Winter Challenger Europe

VOD

Have the link to the VOD?

Description

Time

  • Played on: Feb. 14, 2016, 10:17 a.m.
  • Length: 14:43

All games in this series

Show
View Real Time Build Order
Export as new Build Order

Serral Zerg 

Build Orders: Hatch First 

Get SALT Encoding   

  12  0:01  Drone  
  13  0:12  Overlord  
  13  0:17  Drone  
  14  0:31  Drone x2  
  14  0:35  Drone  
  17  0:51  Hatchery  
  17  0:54  Drone  
  17  0:57  Drone  
  17  0:59  Extractor  
  17  1:12  Spawning Pool  
  17  1:16  Drone  
  17  1:19  Drone  
  18  1:28  Drone  
  19  1:39  Overlord  
  19  1:59  Queen  
  19  2:00  Zergling x2  
  22  2:01  Metabolic Boost  
  22  2:03  Queen  
  22  2:07  Zergling x2  
  25  2:10  Drone  
  25  2:14  Drone  
  27  2:17  Drone  
  27  2:22  Drone  
  29  2:27  Baneling Nest  
  29  2:29  Drone  
  29  2:33  Drone  
  30  2:49  Hatchery  
  29  2:52  Zergling x2  
  29  2:54  Drone  
  29  2:57  Drone  
  32  2:58  Drone  
  32  3:03  Overlord  
  33  3:07  Drone  
  33  3:08  Drone  
  35  3:14  Drone  
  35  3:21  Overlord  
  35  3:22  Drone x3  
  35  3:25  Zergling x2  
  35  3:26  Zergling x2  
  40  3:32  Zergling x2  
  41  3:35  Baneling  
  41  3:36  Baneling  
  41  3:37  Baneling  
  41  3:38  Zergling x2  
  41  3:40  Baneling  
  42  3:43  Zergling x8  
  42  3:44  Zergling x2  
  47  3:49  Overlord  
  47  3:58  Zergling x4  
  47  4:00  Drone x2  
  47  4:01  Drone  
  47  4:02  Queen  
  53  4:09  Drone  
  53  4:11  Evolution Chamber  
  53  4:12  Drone  
  53  4:15  Overlord  
  53  4:17  Drone x2  
  53  4:19  Extractor  
  53  4:22  Overlord  
  54  4:24  Drone  
  54  4:25  Drone  
  54  4:28  Drone  
  54  4:29  Drone  
  58  4:34  Drone  
  58  4:38  Zerg Missile Weapons Level 1  
  59  4:39  Roach Warren  
  53  4:53  Drone x2  
  53  4:54  Overlord, Drone x3  
  53  4:56  Lair  
  53  4:58  Extractor  
  53  5:12  Drone x5  
  57  5:15  Overlord  
  57  5:18  Roach  
  57  5:19  Roach x4  
  57  5:20  Drone  
  68  5:24  Overlord  
  68  5:26  Drone x2  
  68  5:28  Overlord  
  70  5:30  Drone x3  
  70  5:33  Extractor  
  72  5:39  Drone x3  
  72  5:41  Overlord  
  72  5:42  Extractor  
  73  5:44  Overlord  
  73  5:49  Ravager x2  
  76  5:50  Ravager x2  
  76  5:52  Drone  
  76  5:54  Overlord x2  
  76  5:56  Roach  
  76  5:57  Roach x2  
  84  6:00  Roach  
  84  6:06  Glial Reconstitution  
  84  6:07  Overlord  
  84  6:11  Drone x2  
  84  6:12  Drone x4  
  84  6:14  Extractor  
  84  6:15  Drone  
  84  6:16  Drone x3  
  84  6:17  Ravager  
  94  6:21  Drone  
  94  6:23  Roach  
  94  6:25  Overseer  
  96  6:28  Hatchery  
  96  6:30  Drone  
  96  6:32  Zerg Missile Weapons Level 2  
  96  6:36  Roach x3  
  96  6:39  Overlord  
  102  6:40  Overlord  
  102  6:46  Roach x3  
  108  6:52  Roach x3  
  108  6:53  Roach  
  116  7:00  Roach x4  
  124  7:02  Pneumatized Carapace  
  128  7:08  Roach x3  
  128  7:09  Roach x2  
  138  7:15  Roach x2  
  138  7:16  Roach  
  138  7:22  Roach x3, Hydralisk Den  
  145  7:23  Roach x2  
  145  7:28  Roach x2  
  153  7:35  Overlord x2  
  153  7:37  Overlord x2  
  153  7:48  Roach x5  
  157  7:58  Roach x4  
  165  8:02  Ravager x2  
  165  8:04  Queen  
  167  8:11  Roach x3  
  167  8:12  Roach  
  162  8:17  Roach x4  
  165  8:24  Roach x4  
  165  8:25  Roach  
  175  8:28  Queen  
  175  8:29  Overlord x2  
  177  8:35  Overlord x3  
  177  8:47  Roach x4  
  179  8:52  Ravager x3  
  179  8:55  Drone x4, Extractor  
  183  8:57  Drone x2  
  183  8:59  Muscular Augments  
  183  9:02  Queen  
  183  9:07  Roach x4  
  193  9:11  Zerg Ground Armor Level 1  
  193  9:16  Ravager  
  194  9:18  Roach x2  
  194  9:29  Roach  
  194  9:30  Roach x8  
  193  9:37  Roach x3  
  193  9:38  Roach x2  
  179  9:41  Roach x3  
  155  9:51  Roach x4  
  151  10:01  Hydralisk x3  
  151  10:02  Hydralisk  
  151  10:04  Ravager x2  
  151  10:06  Ravager x2  
  163  10:07  Ravager  
  163  10:13  Hydralisk x4  
  172  10:17  Extractor  
  172  10:20  Drone x3  
  174  10:21  Roach x2  
  174  10:22  Roach  
  174  10:24  Roach  
  166  10:36  Roach x4  
  139  10:44  Roach  
  139  10:45  Roach x7  
  139  10:49  Roach x2  
  147  10:55  Roach x2  
  147  10:56  Roach x2  
  139  11:03  Roach x3  
  129  11:08  Roach  
  129  11:09  Roach x2  
  127  11:18  Drone x5  
  130  11:19  Drone x2  
  130  11:21  Ravager x2  
  136  11:33  Roach x6  
  136  11:39  Queen  
  148  11:40  Drone x3  
  148  11:45  Ravager x6  
  148  11:46  Ravager  
  160  11:50  Lurker Den  
  160  11:53  Roach  
  162  11:56  Overseer  
  162  11:59  Roach x2  
  162  12:00  Roach  
  162  12:01  Ravager x2  
  170  12:05  Roach  
  153  12:16  Roach  
  153  12:17  Roach x5  
  160  12:29  Roach x3  
  172  12:30  Roach x3  
  172  12:36  Ravager  
  165  12:39  Burrow  
  165  12:40  Drone  
  165  12:42  Extractor  
  165  12:45  Ravager x2  
  165  12:50  Roach x3  
  173  12:55  Overlord  
  174  12:58  Ravager x2  
  174  13:00  Roach x2  
  176  13:08  Roach x3  
  176  13:10  Overseer  
  182  13:16  Roach  
  182  13:17  Roach x3  
  184  13:22  Roach x3  
  178  13:32  Roach x4  
  135  13:42  Roach x4  
  135  13:47  Ravager x3  
  141  13:50  Roach x2  
  145  13:59  Lurker x2  
  147  14:02  Hydralisk x2  
  151  14:10  Hydralisk  
  151  14:11  Hydralisk x2  
  151  14:15  Drone  
  151  14:16  Drone x2  
  160  14:24  Ravager x3  
  163  14:25  Overseer  
  163  14:26  Drone x2  
  163  14:27  Drone x2  
Show
View Real Time Build Order
Export as new Build Order

Elazer Zerg - Winner!

Build Orders: Hatch First, Lurkers 

Get SALT Encoding   

  12  0:01  Drone  
  13  0:12  Overlord  
  13  0:17  Drone  
  14  0:30  Drone x2  
  14  0:35  Drone  
  17  0:52  Hatchery  
  17  0:54  Drone  
  17  0:56  Drone  
  18  1:08  Extractor  
  17  1:11  Spawning Pool  
  17  1:15  Drone  
  17  1:17  Drone  
  18  1:28  Drone  
  19  1:38  Overlord  
  19  1:54  Drone  
  19  1:59  Queen  
  19  2:00  Zergling x2  
  23  2:03  Queen  
  23  2:04  Drone  
  23  2:08  Metabolic Boost  
  26  2:11  Drone  
  27  2:21  Drone  
  27  2:22  Zergling x2  
  29  2:32  Drone, Hatchery  
  29  2:37  Drone x2  
  31  2:45  Overlord  
  31  2:47  Drone  
  32  2:59  Drone x2  
  34  3:07  Zergling x8  
  38  3:13  Zergling x8  
  42  3:20  Roach Warren  
  42  3:24  Overlord, Drone  
  44  3:29  Queen  
  44  3:37  Overlord  
  44  3:44  Drone  
  44  3:45  Drone x3  
  44  3:46  Drone  
  44  3:47  Drone  
  50  3:49  Drone x4  
  52  3:58  Drone  
  52  3:59  Drone  
  49  4:04  Roach  
  49  4:06  Extractor  
  49  4:08  Queen  
  54  4:10  Roach x2  
  54  4:16  Roach x3  
  60  4:22  Evolution Chamber  
  60  4:24  Overlord  
  59  4:27  Roach  
  61  4:34  Overlord  
  60  4:44  Roach x2  
  60  4:45  Overlord  
  64  4:47  Roach  
  64  4:51  Drone x7  
  71  5:00  Drone, Extractor  
  71  5:01  Drone x2  
  71  5:05  Zerg Missile Weapons Level 1  
  71  5:08  Drone  
  71  5:10  Drone  
  71  5:11  Drone  
  74  5:19  Extractor  
  73  5:23  Drone  
  73  5:24  Drone x4, Lair  
  73  5:25  Drone x4  
  82  5:34  Drone x2, Extractor  
  83  5:39  Overlord  
  83  5:41  Pneumatized Carapace  
  82  5:46  Overlord  
  82  5:49  Drone x2  
  84  5:54  Overlord  
  84  5:55  Drone  
  85  5:58  Drone x3  
  85  6:00  Drone x2  
  85  6:02  Hatchery  
  85  6:03  Roach x3  
  95  6:10  Ravager x3  
  98  6:12  Overlord x3, Extractor  
  98  6:18  Ravager  
  98  6:19  Drone x2  
  100  6:26  Overlord x2  
  100  6:37  Roach x9  
  118  6:40  Glial Reconstitution  
  118  6:50  Roach x4  
  126  6:55  Drone  
  126  6:56  Drone  
  126  6:58  Overlord  
  126  6:59  Overlord  
  128  7:02  Zerg Missile Weapons Level 2  
  128  7:03  Drone  
  128  7:04  Overlord x2, Evolution Chamber  
  128  7:05  Roach  
  130  7:09  Overlord  
  130  7:17  Overlord  
  130  7:18  Roach  
  130  7:19  Roach x4  
  140  7:24  Roach x4  
  148  7:31  Roach x4  
  148  7:33  Roach  
  155  7:38  Roach x3  
  155  7:40  Ravager  
  155  7:43  Ravager x3  
  165  7:46  Overlord  
  159  7:56  Zerg Ground Armor Level 1  
  159  7:57  Roach  
  159  7:58  Roach x2  
  163  8:02  Overlord x2  
  163  8:03  Overlord x2  
  163  8:12  Roach x2  
  163  8:20  Roach  
  163  8:21  Roach x9  
  163  8:25  Ravager  
  163  8:26  Ravager  
  185  8:29  Roach x3  
  191  8:36  Roach  
  191  8:37  Roach x3  
  199  8:41  Extractor  
  199  8:43  Extractor  
  190  8:54  Drone x2  
  192  8:55  Hydralisk Den  
  192  8:56  Drone, Spore Crawler  
  192  8:59  Overlord  
  192  9:00  Overlord  
  185  9:11  Roach  
  185  9:12  Roach x2  
  185  9:15  Ravager  
  174  9:33  Roach x11  
  174  9:34  Roach x4  
  176  9:38  Roach  
  176  9:39  Roach x4  
  176  9:44  Burrow  
  162  9:48  Roach  
  162  9:49  Roach x2  
  156  9:56  Roach x3  
  156  9:57  Lurker Den  
  162  10:01  Ravager  
  162  10:06  Roach x3  
  169  10:11  Ravager  
  169  10:12  Ravager x2  
  169  10:13  Ravager  
  173  10:21  Roach  
  173  10:22  Roach x5  
  183  10:34  Hatchery  
  165  10:42  Roach  
  157  10:43  Roach x10  
  158  10:56  Hydralisk  
  146  10:57  Hydralisk x6  
  146  11:03  Hydralisk x6  
  152  11:09  Roach x8  
  145  11:12  Hydralisk x4  
  145  11:15  Roach x2  
  154  11:22  Roach  
  154  11:24  Roach x7  
  170  11:31  Lurker  
  171  11:34  Drone x2  
  171  11:35  Drone x2  
  175  11:43  Lurker  
  175  11:44  Roach x8  
  175  11:45  Muscular Augments  
  176  11:55  Lurker  
  176  11:59  Hydralisk x6  
  189  12:02  Overseer  
  160  12:17  Roach x5  
  160  12:18  Roach x4  
  160  12:21  Drone x9  
  173  12:24  Lurker  
  173  12:27  Roach x23  
  162  12:31  Drone x3  
  162  12:32  Drone  
  162  12:35  Drone x2  
  166  12:39  Roach x6  
  166  12:42  Lurker  
  166  12:43  Lurker  
  181  12:44  Lurker  
  181  12:47  Lurker  
  182  12:54  Ravager, Roach x3  
  189  13:03  Ravager x2  
  191  13:16  Roach  
  189  13:26  Roach x3  
  189  13:27  Roach x4  
  197  13:34  Roach x8  
  180  13:38  Hydralisk  
  180  13:39  Hydralisk x5  
  169  13:44  Lurker  
  168  13:52  Hydralisk  
  168  13:53  Hydralisk x4  
  178  14:07  Lurker x2  
  180  14:22  Roach x5  
  180  14:23  Roach  
  192  14:25  Ravager x4  
Tags
 
Add a new tag
Caveats
  • Supply blocks, unpowered buildings, or Contaminate may cause inaccurate times.
  • Supply counts are checked every 10 seconds.